AoeStats
← unknxwwwn

Black Forest

510627725Analyzed
4v4 RM · 1d ago on Oct 1, 2026· 54m 43s· 8 players
Game mode
Random Map
Map size
Large (8 player)
Population
200
Speed
Normal
Resources
Standard
Victory
Conquest
Starting age
Dark Age
Ending age
Imperial Age
RankedLock teamsTeams togetherTeam positionsShared explorationLock speedFull tech treeHidden civsTurbo modeCheats
Victory
Defeat
🇺🇸 Danes · United States
965
+11
🇺🇾 Britons · Uruguay
882
+14
🇦🇷 Franks · Argentina
875
+14
🇨🇱 Teutons · Chile
796
+16
🇩🇪 Lithuanians · Germany
871
-15
🇪🇸 Celts · Spain
861
-15
🇷🇺 Chinese · Russia
820
-13
🇷🇺 Jurchens · Russia
785
-12
Carapenev420
0:54 Loom
13:01 Feudal Age
18:41 Castle Age
18:10 Horse Collar
18:50 Double-Bit Axe
22:36 Heavy Plow
23:27 Bow Saw
23:55 Town Watch
25:50 Wheelbarrow
25:30 Stone Mining
25:35 Gold Mining
27:45 Hand Cart
27:31 Town Patrol
29:02 Gold Shaft Mining
29:05 Stone Shaft Mining
34:12 Imperial Age
33:22 Fletching
33:42 Forging
33:33 Scale Mail Armor
33:34 Padded Archer Armor
33:58 Ballistics
34:54 Onager
35:04 Pikeman
35:07 Elite Skirmisher
36:13 Chain Mail Armor
36:50 Iron Casting
37:43 Chemistry
38:04 Siege Onager
39:32 Elite Woad Raider
40:35 Conscription
41:22 Furor Celtica
46:06 Stronghold
45:43 Heavy Scorpion
49:15 Leather Archer Armor
48:56 Bodkin Arrow
50:01 Blast Furnace
49:34 Plate Mail Armor
49:14 Siege Engineers
49:05 Murder Holes
Neuronians
0:26 Loom
17:36 Feudal Age
18:55 Wheelbarrow
18:19 Gold Mining
18:11 Horse Collar
18:18 Double-Bit Axe
20:42 Stone Mining
23:26 Castle Age
24:22 Hand Cart
24:08 Heavy Plow
24:36 Bow Saw
29:59 Fervor
30:37 Treadmill Crane
31:01 Caravan
34:37 Imperial Age
33:56 Town Watch
34:33 Fortified Wall
34:34 Masonry
34:45 Ballistics
34:22 Murder Holes
34:39 Forging
35:20 Town Patrol
35:56 Conscription
34:57 Elite Leitis
36:09 Crop Rotation
36:51 Two-Man Saw
40:12 Chemistry
39:44 Architecture
39:05 Guard Tower
39:59 Iron Casting
39:30 Scale Barding Armor
39:16 Fletching
39:26 Padded Archer Armor
38:50 Light Cavalry
38:51 Cavalier
39:48 Bloodlines
39:39 Husbandry
38:59 Cavalier
41:29 Herbal Medicine
41:34 Devotion
41:55 Sanctity
41:37 Elite Skirmisher
42:48 Chain Barding Armor
42:18 Fletching
42:29 Padded Archer Armor
44:10 Plate Barding Armor
43:36 Padded Archer Armor
45:20 Thumb Ring
46:12 Bodkin Arrow
46:32 Leather Archer Armor
unknxwwwn
12:32 Feudal Age
19:00 Horse Collar
19:08 Double-Bit Axe
19:31 Stone Mining
19:31 Gold Mining
22:34 Castle Age
24:10 Bow Saw
24:02 Heavy Plow
25:23 Wheelbarrow
25:40 Fortified Wall
26:59 Murder Holes
27:48 Stone Shaft Mining
27:48 Gold Shaft Mining
28:08 Masonry
28:56 Hand Cart
30:38 Great Wall
33:29 Imperial Age
32:44 Pikeman
33:26 Squires
33:11 Arson
33:37 Caravan
34:43 Conscription
35:30 Architecture
35:21 Ballistics
36:02 Chemistry
36:09 Two-Man Saw
36:25 Heavy Scorpion
37:26 Padded Archer Armor
37:17 Fletching
37:37 Forging
37:27 Scale Mail Armor
36:59 Heavy Rocket Cart
44:34 Halberdier
Royce
0:52 Loom
14:55 Feudal Age
26:25 Castle Age
27:12 Horse Collar
27:29 Stone Mining
27:30 Gold Mining
27:28 Double-Bit Axe
28:33 Wheelbarrow
29:47 Hand Cart
35:11 Imperial Age
37:08 Chemistry
36:28 Ballistics
37:13 Forging
37:04 Scale Mail Armor
37:12 Scale Barding Armor
40:21 Bow Saw
40:15 Heavy Plow
41:00 Gold Shaft Mining
41:00 Stone Shaft Mining
41:04 Iron Casting
40:49 Chain Barding Armor
43:42 Blast Furnace
46:18 Husbandry
46:28 Bloodlines
48:08 Pikeman
48:33 Gambesons
48:49 Squires
48:34 Arson
49:15 Halberdier
Frito
1:28 Loom
14:09 Feudal Age
18:26 Castle Age
16:45 Double-Bit Axe
16:49 Horse Collar
21:37 Heavy Plow
21:53 Fletching
24:07 Bodkin Arrow
24:49 Bow Saw
27:47 Fervor
29:33 Gambesons
30:16 Hamask
33:21 Wheelbarrow
36:46 Imperial Age
36:17 Caravan
36:45 Forging
36:41 Scale Mail Armor
37:51 Conscription
37:57 Conscription
38:36 Iron Casting
37:44 Capped Ram
39:07 Ballistics
38:56 Siege Engineers
39:12 Ballistics
39:53 Chemistry
39:13 Pikeman
39:54 Squires
39:39 Arson
40:47 Onager
40:54 Man-at-Arms
41:26 Northmen's Fury
41:39 Long Swordsman
41:39 Halberdier
42:42 Hand Cart
42:13 Town Watch
43:08 Town Patrol
43:28 Gold Mining
43:28 Stone Mining
43:13 Two-Handed Swordsman
44:18 Siege Onager
45:21 Elite Varangian Guard
46:32 Chain Mail Armor
46:21 Champion
48:35 Blast Furnace
48:21 Plate Mail Armor
47:58 Bracer
48:29 Murder Holes
53:04 Siege Ram
54:33 Elite Skirmisher
54:35 Cranequins
54:35 Crossbowman
54:35 Heavy Mounted Crossbowman
55:21 Thumb Ring
55:18 Padded Archer Armor
55:24 Scale Barding Armor
55:31 Masonry
armestojona
0:44 Loom
13:38 Feudal Age
14:39 Horse Collar
15:03 Double-Bit Axe
16:59 Wheelbarrow
21:53 Castle Age
22:55 Hand Cart
23:35 Fletching
25:49 Gold Mining
26:15 Bow Saw
27:48 Town Watch
32:58 Ballistics
32:50 Fortified Wall
33:12 Heavy Plow
37:46 Imperial Age
36:12 Bodkin Arrow
36:20 Padded Archer Armor
39:30 Chemistry
37:54 Elite Longbowman
39:05 Conscription
40:44 Siege Engineers
40:19 Onager
41:22 Bracer
41:38 Leather Archer Armor
44:14 Ring Archer Armor
43:16 Heavy Scorpion
44:55 Onager
46:14 Warwolf
46:37 Yeomen
HenryDxebec
9:38 Feudal Age
11:42 Horse Collar
11:55 Double-Bit Axe
14:22 Wheelbarrow
16:40 Stone Mining
16:41 Gold Mining
21:11 Castle Age
22:56 Bow Saw
23:59 Stone Shaft Mining
24:26 Heavy Plow
27:16 Hand Cart
30:21 Heated Shot
33:56 Imperial Age
31:40 Caravan
33:29 Gambesons
33:44 Squires
34:48 Ballistics
35:43 Crop Rotation
36:16 Two-Man Saw
35:19 Padded Archer Armor
36:30 Chemistry
34:56 Pikeman
36:57 Guilds
37:20 Conscription
37:24 Crenellations
36:43 Halberdier
37:40 Forging
37:31 Scale Mail Armor
37:20 Town Watch
37:21 Loom
39:11 Iron Casting
38:39 Arson
38:36 Heavy Scorpion
39:01 Elite Teutonic Knight
44:40 Leather Archer Armor
44:41 Chain Mail Armor
45:27 Blast Furnace
44:18 Fletching
50:50 Crenellations
50:50 Ironclad
__As_Sgto_Cabral_Arg
0:40 Loom
12:45 Feudal Age
18:34 Castle Age
16:42 Double-Bit Axe
24:13 Bow Saw
23:55 Gold Mining
24:45 Wheelbarrow
30:17 Gold Shaft Mining
29:35 Stone Mining
33:57 Imperial Age
33:07 Hand Cart
32:38 Town Watch
32:57 Padded Archer Armor
33:08 Forging
32:49 Fletching
33:21 Caravan
35:22 Iron Casting
35:02 Leather Archer Armor
35:05 Pikeman
35:45 Squires
38:11 Chemistry
36:52 Treadmill Crane
37:33 Ballistics
37:24 Masonry
37:20 Siege Engineers
37:25 Scale Barding Armor
37:44 Halberdier
39:14 Hoardings
38:43 Chivalry
39:04 Conscription
39:29 Husbandry
39:22 Cavalier
39:28 Onager
39:41 Elite Skirmisher
42:09 Hoardings
41:56 Conscription
42:52 Murder Holes
44:29 Scale Mail Armor
44:25 Bodkin Arrow
48:15 Chivalry
50:56 Elite Throwing Axeman
50:56 Ordonnance Companies
52:46 Paladin
54:32 Fervor
54:43 Sanctity
54:24 Devotion
Connection lost

Rejoining the realm…

Still unreachable

The connection could not be restored.

Session expired

The server has moved on; the page needs a fresh start.